 Dungeon Crawl Stone Soup version 0.19-a0-1442-g3b32ff5 (webtiles) character file.

993 nubinia the Digger (level 8, -2/44 HPs)
             Began as a Gargoyle Earth Elementalist on Sept 5, 2016.
             Killed by divine providence
             ... invoked by an orc priest
              (15 damage)
             ... on level 6 of the Dungeon.
             The game lasted 00:25:19 (6609 turns).

nubinia the Digger (Gargoyle Earth Elementalist)    Turns: 6609, Time: 00:25:21

Health: -2/44      AC:  8    Str: 12    XL:     8   Next: 19%
Magic:  10/15      EV: 12    Int: 18    God:
Gold:   80         SH:  0    Dex: 10    Spells: 4 memorised, 6 levels left

rFire  . . .     SeeInvis .     b - 75 stones
rCold  . . .     Gourm    .     k - +0 leather armour
rNeg   + + .     Faith    .     (no shield)
rPois  ∞         Spirit   .     (no helmet)
rElec  +         Dismiss  .     (no cloak)
rCorr  .         Reflect  .     (no gloves)
MR     .....     Harm     .     (no boots)
Stlth  ++........               y - amulet of magic regeneration
                                i - ring of positive energy
                                C - ring of flight

@: no status effects
A: negative energy resistance 1, electricity resistance, unbreathing,
petrification resistance, rot immunity, AC +5
a: Evoke Flight


You were on level 6 of the Dungeon.
You were not hungry.

You visited 1 branch of the dungeon, and saw 6 of its levels.

You collected 136 gold pieces.
You spent 56 gold pieces at shops.

Inventory:

Hand Weapons
 a - a +0 flail
 p - a +3 short sword of speed
 s - a +2 vampiric trident
 t - a +0 club
 G - a +1 flail of protection
Missiles
 b - 75 stones (in hand)
Armour
 c - a +0 robe
 k - a +0 leather armour (worn)
 D - a cursed +0 buckler
Jewellery
 i - a ring of positive energy (right hand)
 y - an amulet of magic regeneration (around neck)
 C - a ring of flight (left hand)
 E - an uncursed amulet of the gourmand {unknown}
Wands
 o - a wand of teleportation (6/9)
Scrolls
 r - 2 scrolls of remove curse
 B - a scroll of enchant weapon
Potions
 g - 2 potions of mutation {unknown}
 h - a potion of might
 j - a potion of berserk rage
 l - 2 potions of curing {unknown}
 n - a potion of invisibility
 w - a potion of agility
 A - 3 potions of haste {unknown}
Books
 e - a book of Geomancy

   Spells                             Type                      Level
   a - Sandblast                      Earth                        1
   b - Passwall                       Transmutation/Earth          2
   c - Stone Arrow                    Conjuration/Earth            3
   d - Petrify                        Transmutation/Earth          4
   e - Lee's Rapid Deconstruction     Earth                        5
Comestibles
 d - 4 bread rations
 f - a meat ration
 q - a beef jerky
 v - a slice of pizza
 z - 4 fruits


   Skills:
 + Level 1.9 Fighting
 + Level 1.7 Maces & Flails
 + Level 2.8 Armour
 + Level 3.2 Dodging
 + Level 3.2 Stealth
 + Level 5.1 Spellcasting
 + Level 0.7 Transmutations
 + Level 7.0 Earth Magic


You had 6 spell levels left.
You knew the following spells:

 Your Spells              Type           Power        Failure   Level  Hunger
a - Sandblast             Erth           ####..       1%          1    None
b - Passwall              Tmut/Erth      ###.......   6%          2    #......
c - Stone Arrow           Conj/Erth      ###...       14%         3    ##.....
l - Lee's Rapid Deconstr  Erth           ####......   30%         5    ######.


Dungeon Overview and Level Annotations

Branches:
Dungeon (6/15)
 Temple: D:4-7

Altars:
Elyvilon
Qazlal
The Shining One

Shops:
D:4 ?


Innate Abilities, Weirdness & Mutations

You are resistant to torment.
Your stone body is resilient. (AC +5)
You are immune to poison.
You resist negative energy. (rN+)
You are resistant to electric shocks. (rElec)
You can survive without breathing.
You are immune to petrification.
You are immune to rotting.


Message History

Aiming: Sandblast
Press: ? - help, Shift-Dir - straight line, f/p - iguana
Aim: an iguana (heavily wounded)
The rocky blast misses the iguana.
The orc priest hits you with a flail! The iguana bites you.
* * * LOW HITPOINT WARNING * * *
Unknown command.
Unknown command.
Unknown command.
Casting: Sandblast
Confirm with . or Enter, or press ? or * to list all spells.
Aiming: Sandblast
Press: ? - help, Shift-Dir - straight line, f/p - iguana
Aim: an iguana (heavily wounded)
The rocky blast hits the iguana.
The iguana is severely wounded.
The iguana barely misses you.
The orc priest calls down the wrath of Beogh upon you.
Beogh smites you!
You die...

#......##...##....####...#
#<.......................#
#.....................)(.#
#........................+
#......##...##############
#......#######...
#................
#.......o.l......
#........@.......
#......##...##..#
#......###+## #.......
#....(.. #...... ....


You could see an iguana and an orc priest.

Vanquished Creatures
  Edmund (D:5)
  A phantom (D:5)
  2 ogres
  2 scorpions
  2 howler monkeys
  A giant frog skeleton (D:4)
  3 orc priests
  2 orc wizards
  An iguana (D:5)
  A worker ant (D:5)
  A hound skeleton (D:5)
  7 adders
  A gnoll (D:6)
  An adder zombie (D:5)
  2 worms (D:3)
  4 dart slugs
  8 giant geckos
  17 orcs
  6 giant cockroaches
  10 hobgoblins
  7 jackals
  8 kobolds
  2 quokkas
  2 ball pythons
  9 bats
  3 giant newts
  4 goblins
  5 rats
113 creatures vanquished.

Notes
Turn   | Place    | Note
-------+----------+-------------------------------------------
     0 | D:1      | nubinia the Gargoyle Earth Elementalist began the quest for the Orb.
     0 | D:1      | Reached XP level 1. HP: 10/10 MP: 3/3
   351 | D:1      | Reached skill level 4 in Earth Magic
   351 | D:1      | Reached XP level 2. HP: 3/15 MP: 0/5
  1267 | D:1      | Reached XP level 3. HP: 19/19 MP: 2/6
  2175 | D:2      | Reached XP level 4. HP: 24/24 MP: 4/7
  2299 | D:3      | Found a stormy altar of Qazlal.
  2434 | D:3      | Reached skill level 1 in Armour
  2862 | D:3      | Learned a level 2 spell: Passwall
  2866 | D:3      | Learned a level 3 spell: Stone Arrow
  3189 | D:3      | Reached XP level 5. HP: 28/28 MP: 7/9
  3593 | D:4      | Reached skill level 5 in Earth Magic
  3662 | D:4      | Found Ijeot's Magic Scroll Boutique.
  3665 | D:4      | Bought a scroll of identify for 28 gold pieces
  3666 | D:4      | Bought a scroll of identify for 28 gold pieces
  3946 | D:4      | Reached XP level 6. HP: 22/33 MP: 6/10
  4140 | D:4      | Found a white marble altar of Elyvilon.
  4466 | D:4      | Reached skill level 1 in Fighting
  4554 | D:5      | Entered Level 5 of the Dungeon
  4735 | D:5      | Reached XP level 7. HP: 33/38 MP: 10/12
  4740 | D:5      | Noticed Edmund
  4795 | D:5      | Reached skill level 1 in Maces & Flails
  4830 | D:5      | Reached skill level 6 in Earth Magic
  6021 | D:5      | Killed Edmund
  6021 | D:5      | Reached XP level 8. HP: 19/43 MP: 9/15
  6058 | D:5      | Reached skill level 7 in Earth Magic
  6221 | D:5      | Learned a level 5 spell: Lee's Rapid Deconstruction
  6338 | D:5      | Reached skill level 5 in Spellcasting
  6485 | D:6      | Found a glowing golden altar of the Shining One.
  6609 | D:6      | Killed from afar by an orc priest

Vault maps used:
D:1:      dpeg_arrival_circle_labyrinth_c, minmay_close_crescents
D:3:      lemuel_crystal_altar, kennysheep_generic_room_9
D:4:      elyvilon_altar_1, serial_shops, nicolae_shop_behind_doors
D:5:      lemuel_upstairs_altar, first_bread, nrook_mini_vaults,
          amethyst_killhole, uniq_edmund
D:6:      marbit_many_paths, basic_altar, chequers_ossuary_entry_cave

Skill      XL: |  1  2  3  4  5  6  7  8 |
---------------+-------------------------+-----
Earth Magic    | 4 5 6 7 |  7.0
Dodging        | 2 3 |  3.2
Armour         | 1 2 |  2.8
Spellcasting   | 3 4 5 |  5.1
Stealth        | 3 |  3.2
Fighting       | 1 |  1.9
Maces & Flails | 1 |  1.7
Transmutations | |  0.7

Action                   |  1- 3 |  4- 6 |  7- 9 || total
-------------------------+-------+-------+-------++-------
Melee: Unarmed           |     8 |       |       ||     8
       Club              |    37 |       |       ||    37
       Short sword       |     9 |    11 |       ||    20
       Flail             |       |   135 |   124 ||   259
 Cast: Sandblast         |    38 |    81 |    73 ||   192
       Stone Arrow       |       |       |     5 ||     5
  Use: Scroll            |     2 |     2 |     7 ||    11
       Potion            |       |       |     3 ||     3
 Stab: Sleeping          |     1 |     6 |     2 ||     9
       Invisible         |       |       |     1 ||     1
  Eat: Chunk             |     3 |    10 |     7 ||    20
Armor: Robe              |     7 |       |       ||     7
       Leather armour    |    25 |    93 |    71 ||   189
Dodge: Dodged            |    48 |   143 |   127 ||   318
